 Dungeon Crawl Stone Soup version 0.18.1-8-gdd0e5ea (webtiles) character file.

3045 M4edhros the Cleaver (level 10, -12/97 HPs)
             Began as a Halfling Berserker on June 1, 2016.
             Was a High Priest of Trog.
             Killed from afar by Psyche (19 damage)
             ... with a wand of lightning
             ... on level 9 of the Dungeon.
             The game lasted 00:16:00 (3532 turns).

M4edhros the Cleaver (Halfling Berserker)           Turns: 3532, Time: 00:16:00

Health: -12/97     AC: 10    Str: 24    XL:     10   Next: 11%
Magic:  19/19      EV: 15    Int:  6    God:    Trog [*****.]
Gold:   376        SH:  0    Dex: 16    Spells: 0 memorised, 9 levels left

rFire  . . .     SeeInvis .     H - +4 broad axe (elec)
rCold  . . .     Gourm    .     l - +0 scale mail
rNeg   . . .     Faith    .     (shield currently unavailable)
rPois  +         Spirit   .     (no helmet)
rElec  .         Dismiss  .     e - +1 cloak {rPois}
rCorr  .         Reflect  .     B - +0 pair of gloves
SustAt .         Harm     .     (no boots)
MR     .....                    (no amulet)
Stlth  ..........               (no ring)
                                z - ring of magical power

@: berserking, drained, very quick, not resistant to hostile enchantments,
extremely unstealthy
A: mutation resistance 1
a: Berserk, Trog's Hand, Brothers in Arms, Burn Spellbooks, Renounce Religion


You were on level 9 of the Dungeon.
You worshipped Trog.
Trog was extremely pleased with you.
You were hungry.

You visited 2 branches of the dungeon, and saw 10 of its levels.
You also visited: Sewer.

You collected 376 gold pieces.

Inventory:

Hand Weapons
 a - a +0 hand axe
 w - a +1 dagger of electrocution
 y - a +0 blowgun
 A - a +0 war axe
 H - a +4 broad axe of electrocution (weapon)
Missiles
 u - 16 poisoned needles
Armour
 e - a +1 cloak of poison resistance (worn)
 l - a +0 scale mail (worn)
 n - the +2 shield of the Ditch-Digger {rElec rN+}
   (You found it on level 7 of the Dungeon)

   It insulates you from electricity.
   It protects you from negative energy.
 B - a +0 pair of gloves (worn)
Jewellery
 z - a ring of magical power (left hand)
Wands
 q - a wand of hasting (5/9)
Scrolls
 c - 2 scrolls of noise {unknown}
 g - a scroll of magic mapping {unknown}
 j - 2 scrolls of fog {unknown}
 o - 3 scrolls of teleportation {unknown}
 t - a scroll of random uselessness {unknown}
 x - a scroll of fear {unknown}
 F - a scroll of amnesia {unknown}
 I - 2 scrolls of identify {unknown}
Potions
 d - 5 potions of curing
 m - 2 potions of agility
 p - 2 potions of invisibility {unknown}
 r - a potion of cancellation
 s - 6 potions of brilliance
 v - 5 potions of flight {unknown}
 C - a potion of heal wounds
 D - 2 potions of might {unknown}
 E - a potion of lignification {unknown}
 J - a potion of haste {unknown}
Books
 k - a book of Ice

   Spells                             Type                      Level
   a - Ice Form                       Ice/Transmutation            4
   b - Metabolic Englaciation         Hexes/Ice                    5
   c - Ozocubu's Refrigeration        Ice                          6
   d - Bolt of Cold                   Conjuration/Ice              6
   e - Freezing Cloud                 Conjuration/Ice/Air          6
   f - Simulacrum                     Ice/Necromancy               6
   Trog disapproves of the use of such an item.
Comestibles
 f - a slice of pizza
 h - 7 bread rations
 i - 3 royal jellies
 G - 2 meat rations


   Skills:
 + Level 4.7(4.5) Fighting
 + Level 10.4(10.1) Axes
 + Level 5.2(5.0) Armour
 + Level 5.2(5.0) Dodging
 - Level 1.0(0.8) Shields


You had 9 spell levels left.
You didn't know any spells.

Dungeon Overview and Level Annotations

Branches:
Dungeon (9/15)             Temple (1/1) D:6
   Lair: D:8-11         Orc: D:9-12

Altars:
Ashenzari
Cheibriados
Dithmenos
Elyvilon
Fedhas
Trog
Xom
Yredelemnul

Shops:
D:8 }

Annotations:
D:9 Psyche


Innate Abilities, Weirdness & Mutations

You are small and have problems with some larger weapons.
You are somewhat resistant to further mutation.


Message History

Psyche laughs secretively.
Psyche points at you and mumbles some strange words.
The puff of flame hits you!
A red film seems to cover your vision as you go berserk!
You feel yourself moving faster!
You feel mighty!
You feel somewhat more hungry. Psyche hits you but does no damage.
You feel drained.
You slice Psyche!!
Psyche is severely wounded.
Psyche casts a spell.
Psyche seems to speed up.
You barely miss Psyche.
Psyche is severely wounded.
Psyche zaps a wand.
The bolt of lightning hits you! x2
* * * LOW HITPOINT WARNING * * *
The bolt of lightning misses Psyche.
You slash Psyche!
Psyche is almost dead.
Psyche zaps a wand.
The bolt of lightning hits you!
You die...

###.....#
#...<.###
#....###
##....##
##.....
###.....#
###......#
##..@...# ##
+...@.# .
##.###....##
..###.......###
#............#
#...........##
###..........#
##.........#
##........# #
##.......#
#######


You could see Psyche.

Vanquished Creatures
  The ghost of juanjsm the Covert, a novice SpEn (D:6)
  A two-headed ogre (D:8)
  Prince Ribbit (D:7)
  Eustachio (D:6)
  A hungry ghost (D:5)
  A water moccasin (D:5)
  4 ice beasts
  A sky beast (D:5)
  3 centaurs
  8 big kobolds
  A giant frog (D:7)
  A wyvern zombie (D:7)
  A howler monkey (D:7)
  A crimson imp (D:5)
  2 centaur zombies (D:6)
  A hound (D:4)
  3 orc priests (D:5)
  A jelly (D:6)
  2 iguanas
  2 worker ants (D:4)
  3 orc wizards
  A gnoll (D:5)
  8 adders
  2 shadow imps
  An ooze (Sewer)
  An adder skeleton (D:6)
  5 worms
  2 dart slugs
  3 giant geckos
  15 orcs
  4 giant cockroaches
  4 goblins (D:2)
  8 hobgoblins
  8 jackals
  62 kobolds
  4 quokkas
  4 ball pythons
  5 bats
  3 giant newts
  6 rats
186 creatures vanquished.

Notes
Turn   | Place    | Note
--------------------------------------------------------------
     0 | D:1      | M4edhros the Halfling Berserker began the quest for the Orb.
     0 | D:1      | Reached XP level 1. HP: 15/15 MP: 1/1
   112 | D:1      | Reached skill level 3 in Axes
   115 | D:1      | Reached XP level 2. HP: 18/20 MP: 2/2
   181 | D:2      | Reached XP level 3. HP: 16/25 MP: 3/3
   210 | D:2      | HP: 1/37 [goblin/club[Robin] (5)]
   221 | D:1      | HP: 1/25 [jackal (1)]
   292 | D:1      | Reached ** piety under Trog
   319 | D:1      | HP: 1/37 [jackal (3)]
   361 | D:1      | HP: 1/25 [bat (1)]
   366 | D:1      | Reached skill level 4 in Axes
   495 | D:2      | Reached XP level 4. HP: 24/30 MP: 4/4
   731 | D:3      | Noticed an ice beast
   743 | D:3      | Killed an ice beast
   743 | D:3      | Reached skill level 5 in Axes
   743 | D:3      | Reached XP level 5. HP: 29/35 MP: 5/5
   888 | D:4      | Reached XP level 6. HP: 33/41 MP: 6/6
  1063 | D:4      | Reached skill level 6 in Axes
  1074 | D:4      | Found a shadowy altar of Dithmenos.
  1239 | D:5      | Entered Level 5 of the Dungeon
  1252 | D:5      | Noticed a hungry ghost
  1268 | D:5      | Killed a hungry ghost
  1268 | D:5      | Reached XP level 7. HP: 45/45 MP: 7/7
  1309 | D:5      | Reached *** piety under Trog
  1309 | D:5      | Reached skill level 7 in Axes
  1375 | D:5      | Found a shimmering altar of Xom.
  1594 | D:5      | Found a glowing drain.
  1610 | D:5      | Noticed a water moccasin
  1625 | D:5      | Killed a water moccasin
  1625 | D:5      | Reached skill level 8 in Axes
  1625 | D:5      | Reached XP level 8. HP: 51/51 MP: 8/8
  1627 | Sewer    | Entered a sewer
  1857 | Sewer    | Reached **** piety under Trog
  2015 | D:5      | Reached skill level 9 in Axes
  2373 | D:5      | Reached ***** piety under Trog
  2383 | D:5      | Reached XP level 9. HP: 17/56 MP: 9/9
  2488 | D:6      | Noticed juanjsm's ghost (novice SpEn)
  2503 | D:6      | Killed juanjsm's ghost
  2707 | D:6      | Found a staircase to the Ecumenical Temple.
  2711 | D:6      | Noticed Eustachio
  2719 | Temple   | Entered the Ecumenical Temple
  2799 | D:6      | Killed Eustachio
  2799 | D:6      | Reached skill level 10 in Axes
  2834 | D:7      | Noticed Prince Ribbit
  2887 | D:6      | Found a white marble altar of Elyvilon.
  2906 | D:6      | Found a snail-covered altar of Cheibriados.
  2958 | D:7      | Killed Prince Ribbit
  2968 | D:7      | Got a crude shield
  2985 | D:7      | Identified the +2 shield of the Ditch-Digger {rElec rN+} (You found it on level 7 of the Dungeon)
  3090 | D:8      | Received a gift from Trog
  3095 | D:8      | Reached XP level 10. HP: 57/65 MP: 10/10
  3102 | D:8      | Reached skill level 1 in Shields
  3174 | D:8      | Reached skill level 5 in Armour
  3174 | D:8      | Reached skill level 5 in Dodging
  3248 | D:8      | Found Atulaof's Gadget Boutique.
  3525 | D:9      | Noticed Psyche
  3532 | D:9      | Killed from afar by Psyche

Skill      XL: |  1  2  3  4  5  6  7  8  9 10 |
---------------+-------------------------------+-----
Axes           | 3 4 5 6 8 9 10 | 10.4
Fighting       | 3 4 |  4.7
Armour         | 4 5 |  5.2
Dodging        | 4 5 |  5.2
Shields        | 1 |  1.0

Action                   |  1- 3 |  4- 6 |  7- 9 | 10-12 || total
-------------------------+-------+-------+-------+-------++-------
Melee: Hand axe          |    81 |   139 |   379 |       ||   599
       War axe           |       |       |    96 |     7 ||   103
       Broad axe         |       |       |       |    14 ||    14
Invok: Berserk           |     5 |     4 |    10 |     2 ||    21
       Trog's Hand       |       |       |     1 |       ||     1
  Use: Potion            |     1 |     3 |     1 |       ||     5
  Eat: Bread ration      |     1 |       |       |       ||     1
       Chunk             |       |     5 |    12 |     2 ||    19
       Beef jerky        |       |       |     1 |       ||     1
       Meat ration       |       |       |     1 |       ||     1
       Fruit             |       |       |     1 |       ||     1
Armor: Animal skin       |    12 |     8 |       |       ||    20
       Leather armour    |       |    14 |       |       ||    14
       Scale mail        |       |    25 |   185 |     5 ||   215
Dodge: Dodged            |    74 |   110 |   359 |    14 ||   557
Block: Shield            |       |       |     8 |     5 ||    13
